 Dungeon Crawl Stone Soup version 0.31.0-32-g396128a36d (webtiles) character file.

Game seed: 16144966024991187725

2541 PaiMei the Reanimator (level 9, -3/69 HPs)
             Began as a Demonspawn Necromancer on Mar 26, 2024.
             Slain by Joseph
             ... wielding a +7 quarterstaff of speed
              (9 damage)
             ... on level 8 of the Dungeon.
             The game lasted 00:11:47 (8023 turns).

PaiMei the Reanimator (Demonspawn Necromancer)      Turns: 8023, Time: 00:11:48

Health: -3/69      AC: 10    Str:  8    XL:     9   Next: 30%
Magic:  5/18       EV: 14    Int: 21    God:
Gold:   307        SH:  4    Dex: 13    Spells: 11/20 levels left

rFire   . . .        s - +3 short sword
rCold   . . .        (no shield)
rNeg    + . .        F - +0 steam dragon scales
rPois   .            v - +1 hat
rElec   .            (no cloak)
rCorr   .            u - +0 pair of gloves
SInv    .            (no boots)
Will    +....        j - amulet of magic regeneration
Stlth   ++           q - ring of willpower
HPRegen 0.31/turn    D - ring of positive energy
MPRegen 0.72/turn

%: no passive effects
@: no status effects
A: magic regeneration, sharp scales 3, condensation shield, demonic touch 1
a: no special abilities


You were on level 8 of the Dungeon.
You visited 2 branches of the dungeon, and saw 9 of its levels.

You collected 307 gold pieces.

Inventory:

Hand Weapons
 s - a +3 short sword (weapon)
 A - a +3 orcbow
Missiles
 f - 21 poisoned darts
 g - 6 atropa-tipped darts (quivered)
Armour
 u - a +0 pair of gloves (worn)
 v - a +1 hat (worn)
 F - +0 steam dragon scales (worn)
Jewellery
 j - an amulet of magic regeneration (around neck)
 o - a ring of flight
 q - a ring of willpower (left hand)
 D - a ring of positive energy (right hand)
Wands
 a - a wand of digging (3)
 p - a wand of polymorph (7)
Scrolls
 d - 3 scrolls of fear
 e - 2 scrolls of blinking
 h - a scroll of enchant weapon {unknown}
 w - 2 scrolls of noise {unknown}
 y - a scroll of vulnerability {unknown}
 z - a scroll of revelation {unknown}
 B - a scroll of amnesia {unknown}
 C - a scroll of poison {unknown}
Potions
 b - 2 potions of magic
 c - 2 potions of haste {unknown}
 i - 3 potions of brilliance
 k - 5 potions of curing
 l - a potion of resistance {unknown}
 m - 3 potions of might
 n - 2 potions of attraction {unknown}
 r - 2 potions of mutation {unknown}
 t - a potion of ambrosia {unknown}
 x - a potion of invisibility {unknown}
 E - a potion of lignification {unknown}
 G - a potion of degeneration {unknown}


   Skills:
 + Level 6.0 Fighting
 + Level 6.0 Dodging
 - Level 2.0 Stealth
 + Level 6.1 Spellcasting
 + Level 8.2 Necromancy


You had 11 spell levels left.
You knew the following spells:

 Your Spells              Type           Power      Damage    Failure   Level
a - Necrotise             Necr           100%       1d9       1%          1
b - Vampiric Draining     Necr           41%        2d8       1%          3
c - Curse of Agony        Necr           41%        N/A       9%          5

Your spell library contained the following spells:

 Spells                   Type           Power      Damage    Failure   Level
 Fugue of the Fallen      Necr           41%        N/A       1%          3
 Animate Dead             Necr           41%        N/A       3%          4
 Foxfire                  Conj/Fire      24%        2x1d5     10%         1
 Slow                     Hex            24%        N/A       10%         1
 Ensorcelled Hibernation  Hex/Ice        12%        N/A       14%         2
 Jinxbite                 Hex            12%        N/A       14%         2
 Anguish                  Hex/Necr       11%        N/A       19%         4
 Confusing Touch          Hex            6%         N/A       28%         3
 Ozocubu's Armour         Ice            6%         N/A       28%         3
 Sigil of Binding         Hex            6%         N/A       28%         3
 Manifold Assault         Tloc           6%         N/A       67%         4
 Olgreb's Toxic Radiance  Alch           6%         N/A       67%         4
 Yara's Violent Unravell  Hex/Alch       3%         3d4       95%         5
 Plasma Beam              Fire/Air       3%         2x1d13    100%        6
 Starburst                Conj/Fire      3%         6d3       100%        6
 Enfeeble                 Hex            3%         N/A       100%        7
 Ozocubu's Refrigeration  Ice            3%         4d8       100%        7
 Discord                  Hex            3%         N/A       100%        8


Dungeon Overview and Level Annotations

Branches:
Dungeon (8/15)             Temple (1/1) D:7
   Lair: D:8-11

Altars:
Ashenzari
Cheibriados
Dithmenos
Fedhas
Gozag
Hepliaklqana
Makhleb
Nemelex Xobeh
Okawaru
Qazlal
Ru
Sif Muna
Trog
Uskayaw
Vehumet
Wu Jian
Xom
Yredelemnul

Shops:
D:7 *

Annotations:
D:8 Joseph


Innate Abilities, Weirdness & Mutations

You regenerate magic rapidly.
You are completely covered in razor-sharp scales. (AC +3, Slay +3)
A meltable shield of frost defends you. (SH +4)
Your touch may inflict minor irresistible damage on your foes.


Message History

Joseph hits you with a +7 quarterstaff of speed.
Casting: Vampiric Draining (safe; 1% risk of failure)
Confirm with . or Enter, or press ? or * to list all spells.
Aiming: Vampiric Draining (safe; 1% risk of failure)
Press: ? - help, Shift-Dir - straight line, f/p - Joseph
Aim: Joseph, wielding a +7 quarterstaff of speed and wearing a +0 leather armour (moderately wounded)
You draw life force from Joseph!
You feel life coursing into your body.
Joseph hits you with a +7 quarterstaff of speed!!
Joseph hits you with a +7 quarterstaff of speed!
Casting: Vampiric Draining (safe; 1% risk of failure)
Confirm with . or Enter, or press ? or * to list all spells.
Aiming: Vampiric Draining (safe; 1% risk of failure)
Press: ? - help, Shift-Dir - straight line, f/p - Joseph
Aim: Joseph, wielding a +7 quarterstaff of speed and wearing a +0 leather armour (heavily wounded)
You draw life force from Joseph!
You feel life coursing into your body.
Joseph hits you with a +7 quarterstaff of speed.
Casting: Vampiric Draining (safe; 1% risk of failure)
Confirm with . or Enter, or press ? or * to list all spells.
Aiming: Vampiric Draining (safe; 1% risk of failure)
Press: ? - help, Shift-Dir - straight line, f/p - Joseph
Aim: Joseph, wielding a +7 quarterstaff of speed and wearing a +0 leather armour (severely wounded)
You draw life force from Joseph.
You feel life coursing into your body.
Joseph hits you with a +7 quarterstaff of speed! x2
Casting: Vampiric Draining (safe; 1% risk of failure)
Confirm with . or Enter, or press ? or * to list all spells.
Aiming: Vampiric Draining (safe; 1% risk of failure)
Press: ? - help, Shift-Dir - straight line, f/p - Joseph
Aim: Joseph, wielding a +7 quarterstaff of speed and wearing a +0 leather armour (severely wounded)
You draw life force from Joseph!
You feel life coursing into your body. Joseph barely misses you.
You hit Joseph but do no damage. Your touch misses Joseph.
Joseph is almost dead.
Joseph hits you with a +7 quarterstaff of speed!
* * * LOW HITPOINT WARNING * * *
Joseph hits you with a +7 quarterstaff of speed!
* * * LOW HITPOINT WARNING * * *
You hit Joseph.
Joseph is almost dead.
Joseph hits you with a +7 quarterstaff of speed!
You die...

..####...#<).....###.#..####.#...
.....##.##.##.#.###..#..####.##.#
.................................
.#.#.##........ .....#..#.......#
.#.#.##.##.##.###.#........#.####
...#..............#>.#..#..#.....
.............................####
......#..###..................#
.#.........^....@@###.#....####
##....#...............?(...#
#.>.......................#
#........###..#########.#.##
#............. #.#.# ###. #.#.. .
...... ##


You could see Joseph.

Vanquished Creatures
  Grinder (D:5)
  Sigmund (D:3)
  A steam dragon (D:7)
  2 water moccasins
  An orc warrior (D:7)
  A black bear (D:5)
  A sky beast (D:6)
  An ice beast (D:7)
  An ogre (D:6)
  3 centaurs
  A kobold brigand (D:8)
  Blork the orc (D:6)
  2 gnoll sergeants (D:8)
  A bullfrog (D:8)
  A scorpion (D:4)
  A howler monkey (D:6)
  2 bombardier beetles
  A hound (D:4)
  A jelly (D:8)
  4 orc priests (D:7)
  4 iguanas
  Ijyb (D:3)
  2 orc wizards (D:7)
  3 gnolls (D:8)
  15 adders
  A white imp (D:7)
  2 ufetubi (D:6)
  4 dart slugs
  21 orcs
  9 ball pythons
  3 bats
  7 endoplasms
  2 giant cockroaches
  6 goblins
  11 hobgoblins
  15 jackals
  5 quokkas
  2 frilled lizards (D:1)
  12 kobolds
  5 rats
  A spectral orc (D:3)
159 creatures vanquished.

Vanquished Creatures (collateral kills)
  A gnoll (D:8)
  An adder (D:2)
  A jackal (D:4)
  A rat (D:1)
  A spectral hobgoblin (D:3)
5 creatures vanquished.

Grand Total: 164 creatures vanquished

Notes
Turn   | Place    | Note
-------+----------+-------------------------------------------
     0 | D:1      | PaiMei the Demonspawn Necromancer began the quest for the
                  | Orb.
     0 | D:1      | Reached XP level 1. HP: 13/13 MP: 3/3
   364 | D:1      | Gained mutation: You are partially covered in razor-sharp
                  | scales. (AC +1, Slay +1) [demonic ancestry]
   364 | D:1      | Reached XP level 2. HP: 19/19 MP: 3/5
   858 | D:1      | Gained mutation: You are mostly covered in razor-sharp
                  | scales. (AC +2, Slay +2) [demonic ancestry]
   858 | D:1      | Reached XP level 3. HP: 20/25 MP: 0/6
  1458 | D:2      | Reached skill level 1 in Fighting
  1882 | D:2      | Reached XP level 4. HP: 30/32 MP: 0/7
  2057 | D:2      | Learned a level 3 spell: Vampiric Draining
  2182 | D:2      | Reached skill level 5 in Necromancy
  2903 | D:3      | Found an opulent altar of Gozag.
  3022 | D:3      | Found a hazy altar of Hepliaklqana.
  3049 | D:3      | Noticed Sigmund
  3075 | D:3      | Gained mutation: Your touch may inflict minor irresistible
                  | damage on your foes. [demonic ancestry]
  3075 | D:3      | Reached XP level 5. HP: 38/38 MP: 5/9
  3406 | D:3      | Noticed Ijyb
  3413 | D:3      | Killed Ijyb
  3811 | D:3      | Killed Sigmund
  3812 | D:3      | Gained mutation: You regenerate magic rapidly. [demonic
                  | ancestry]
  3812 | D:3      | Reached XP level 6. HP: 38/46 MP: 1/11
  3892 | D:3      | Found a basalt altar of Yredelemnul.
  4871 | D:4      | Reached skill level 6 in Necromancy
  4871 | D:4      | Gained mutation: A meltable shield of frost defends you.
                  | (SH +4) [demonic ancestry]
  4871 | D:4      | Reached XP level 7. HP: 52/52 MP: 10/12
  4917 | D:5      | Entered Level 5 of the Dungeon
  4931 | D:5      | Noticed Grinder
  5008 | D:5      | Found a burning altar of Makhleb.
  5013 | D:5      | Noticed an angel
  5014 | D:5      | Noticed a cacodemon
  5190 | D:5      | You fall into a shaft and drop 1 floor!
  5354 | D:6      | Noticed Blork the orc
  5361 | D:6      | Killed Blork the orc
  5484 | D:6      | Reached XP level 8. HP: 47/60 MP: 8/14
  5556 | D:6      | Reached skill level 7 in Necromancy
  6010 | D:5      | Killed Grinder
  6011 | D:5      | Reached skill level 5 in Dodging
  6011 | D:5      | Reached skill level 5 in Spellcasting
  6200 | D:5      | Reached skill level 5 in Fighting
  6805 | D:7      | Learned a level 5 spell: Curse of Agony
  6998 | D:7      | Gained mutation: You are completely covered in razor-sharp
                  | scales. (AC +3, Slay +3) [demonic ancestry]
  6998 | D:7      | Reached XP level 9. HP: 68/68 MP: 4/17
  7067 | D:7      | Found Bitium's Serpentskin Sales.
  7073 | D:7      | Noticed a gargoyle
  7407 | D:7      | Reached skill level 8 in Necromancy
  7667 | D:7      | Found a staircase to the Ecumenical Temple.
  7675 | Temple   | Entered the Ecumenical Temple
  7908 | D:8      | Noticed Joseph
  8023 | D:8      | Slain by Joseph

Illustrated notes

Levels and vault maps discovered:
D:1:      roderic_lyre, layout_basic
D:2:      layout_loops_corners, dreamdust_princess_bridge,
          minmay_misc_feat_columns, wad_woods_river_04, nicolae_half_adder
D:3:      layout_basic, mainiacjoe_overflow_big_doors,
          yredelemnul_forgotten_temple_becter,
          nicolae_hepliaklqana_monster_ancestors,
          chequers_serial_rivers_small_a, uniq_ijyb, uniq_sigmund
D:4:      layout_cave_pods
D:5:      layout_rooms, grunt_temple_overflow_order_and_chaos_2, minmay_puff,
          uniq_grinder
D:6:      layout_basic, uniq_blork_the_orc
D:7:      layout_loops_ring, minmay_temple_entry_fiery, guppyfry_shop_venom
D:8:      layout_basic, nicolae_grassy_gnolls, uniq_joseph
Temple:   eino_wide_crystal_templ

Skill      XL: |  1  2  3  4  5  6  7  8  9 |
---------------+----------------------------+-----
Dodging        | 2 3 4 5 6 |  6.0
Stealth        | 2 |  2.0
Fighting       | 1 2 3 4 5 6 |  6.0
Necromancy     | 5 6 7 8 |  8.2
Spellcasting   | 3 4 5 6 |  6.1

Action                     |  1- 3 |  4- 6 |  7- 9 || total
---------------------------+-------+-------+-------++-------
  Melee: Unarmed           |    10 |       |       ||    10
         Short sword       |     9 |    53 |    74 ||   136
         Touch             |       |     2 |    16 ||    18
         Punch             |       |       |     2 ||     2
   Cast: Necrotise         |    74 |    93 |    80 ||   247
         Vampiric Draining |       |     9 |    75 ||    84
    Use: Scroll            |       |       |     5 ||     5
   Stab: Sleeping          |     1 |       |     1 ||     2
 Armour: Robe              |    25 |    33 |    62 ||   120
         Skin              |       |     2 |       ||     2
         Steam dragon scal |       |       |    65 ||    65
  Dodge: Dodged            |    19 |    37 |   135 ||   191
  Block: Other             |       |       |    38 ||    38
